Map: Frozen Temple

Players

blackxored - Winner!

  • Race: Zerg Zerg
  • League: Platinum

Teodore

  • Race: Zerg Zerg
  • League: Platinum

VOD

Have the link to the VOD?

Description

Time

  • Played on: June 29, 2016, 5:10 p.m.
  • Length: 8:10
Show
View Real Time Build Order
Export as new Build Order

blackxored Zerg - Winner!

Build Orders: Hatch First 

Get SALT Encoding   

  12  0:01  Drone  
  13  0:08  Drone  
  14  0:18  Overlord  
  14  0:23  Extractor  
  14  0:24  Drone  
  15  0:36  Drone  
  15  0:37  Drone  
  17  0:54  Hatchery  
  16  0:57  Drone  
  16  1:00  Drone  
  18  1:11  Extractor  
  18  1:16  Spawning Pool  
  16  1:18  Drone  
  16  1:20  Drone  
  18  1:27  Drone  
  19  1:39  Overlord  
  19  1:49  Drone  
  20  2:04  Zergling x2, Spine Crawler  
  20  2:05  Queen  
  20  2:06  Queen  
  20  2:07  Zergling x2  
  25  2:12  Zergling x2  
  25  2:15  Metabolic Boost  
  26  2:21  Drone  
  26  2:22  Drone  
  28  2:35  Drone  
  28  2:36  Baneling Nest  
  28  2:39  Drone x2  
  30  2:49  Drone x2  
  32  2:53  Overlord  
  32  3:08  Drone x2  
  34  3:15  Drone  
  35  3:20  Overlord  
  35  3:24  Hatchery  
  34  3:32  Zergling x10  
  38  3:37  Baneling x3  
  38  3:50  Overlord  
  38  3:52  Zergling x12  
  44  3:59  Lair  
  44  4:03  Overlord  
  44  4:10  Drone  
  44  4:11  Drone x2  
  44  4:14  Baneling  
  44  4:15  Baneling x2, Drone  
  48  4:18  Drone  
  54  4:38  Drone x9  
  54  4:42  Extractor x2  
  55  4:52  Extractor, Drone  
  55  4:53  Drone x2  
  55  4:56  Queen  
  55  4:57  Overlord  
  59  5:01  Drone x2  
  59  5:06  Drone  
  61  5:21  Spire  
  60  5:27  Drone  
  61  5:30  Drone x9  
  61  5:34  Overseer  
  70  5:37  Overlord x2  
  70  5:56  Spine Crawler  
  69  5:57  Drone x4  
  69  5:58  Drone, Spine Crawler  
  69  5:59  Spine Crawler  
  69  6:01  Extractor, Drone x2, Spine Crawler  
  69  6:02  Extractor  
  69  6:03  Drone  
  72  6:05  Drone  
  72  6:06  Drone  
  72  6:08  Drone  
  75  6:27  Drone x11  
  75  6:29  Overlord  
  86  6:42  Mutalisk  
  86  6:44  Overlord x2  
  88  6:49  Mutalisk  
  88  6:50  Mutalisk  
  92  6:57  Mutalisk x2  
  96  7:05  Extractor, Hatchery  
  94  7:08  Extractor, Mutalisk  
  94  7:09  Mutalisk x4  
  94  7:10  Mutalisk  
  105  7:29  Mutalisk  
  105  7:30  Mutalisk x3  
  113  7:42  Roach Warren  
  112  7:44  Drone x2, Evolution Chamber  
  112  7:45  Infestation Pit  
  112  7:46  Drone  
  112  7:49  Baneling  
  112  7:50  Baneling x7  
Show
View Real Time Build Order
Export as new Build Order

Teodore Zerg 

Build Orders: Pool First 

Get SALT Encoding   

  12  0:01  Drone  
  13  0:13  Overlord  
  13  0:18  Drone  
  14  0:24  Extractor  
  14  0:25  Drone  
  14  0:32  Drone  
  15  0:37  Drone  
  16  0:53  Spawning Pool  
  15  1:01  Drone x2  
  17  1:29  Hatchery  
  16  1:38  Overlord  
  16  1:46  Metabolic Boost  
  16  1:55  Extractor  
  16  1:56  Drone x2  
  16  1:57  Drone  
  18  2:06  Evolution Chamber  
  18  2:10  Evolution Chamber  
  18  2:13  Drone  
  18  2:23  Queen  
  18  2:28  Extractor  
  19  2:30  Drone  
  19  2:33  Drone  
  21  2:47  Queen  
  23  2:58  Zerg Ground Armor Level 1  
  23  3:05  Drone  
  24  3:06  Zergling x2  
  24  3:08  Zergling x2  
  26  3:15  Zergling x2  
  27  3:20  Zergling x2  
  28  3:35  Zerg Melee Weapons Level 1  
  28  3:41  Drone  
  28  3:42  Drone x4  
  33  4:15  Drone  
  33  4:16  Drone x2  
  36  4:17  Overlord x4  
  36  4:25  Roach Warren  
  35  4:36  Zergling x2  
  35  4:37  Zergling x6  
  38  4:42  Spine Crawler  
  38  4:43  Zergling x4  
  39  4:54  Spine Crawler  
  38  5:05  Evolution Chamber  
  37  5:07  Drone x2  
  37  5:08  Drone x3  
  37  5:27  Drone x3  
  37  5:28  Drone x2  
  40  5:39  Queen  
  42  5:46  Queen, Hatchery  
  43  6:06  Zergling x2  
  43  6:07  Zergling x14  
  51  6:13  Spore Crawler  
  50  6:19  Lair  
  50  6:37  Zergling x4  
  50  6:38  Zergling x10  
  57  6:50  Overlord  
  57  6:51  Overlord x3  
  57  7:08  Zergling x6  
  60  7:19  Zergling x2  
  60  7:20  Zergling x10  
  66  7:34  Zergling x2  
  66  7:35  Zergling x12  
  73  7:54  Spore Crawler  
  73  7:56  Spore Crawler  
Tags
 
Add a new tag
Caveats
  • Supply blocks, unpowered buildings, or Contaminate may cause inaccurate times.
  • Supply counts are checked every 10 seconds.